 Dungeon Crawl Stone Soup version 0.30.0-5-g1a98f26d00 (webtiles) character file.

Game seed: 5636584487111864895

6136 backslashecho the Cleaver (level 11, -1/106 HPs)
             Began as a Human Artificer on May 10, 2023.
             Was a Priest of Hepliaklqana.
             Slain by a gargoyle
             ... wielding a +0 mace
              (10 damage)
             ... on level 10 of the Dungeon.
             The game lasted 00:27:46 (9211 turns).

backslashecho the Cleaver (Human Artificer)         Turns: 9211, Time: 00:27:46

Health: -1/106     AC: 29    Str: 16    XL:     11   Next: 13%
Magic:  17/17      EV:  2    Int: 12    God:    Hepliaklqana [***...]
Gold:   528        SH:  0    Dex: 14    Spells: 10/10 levels left

rFire   . . .        a - +0 war axe
rCold   . . .        v - orb {light}
rNeg    + . .        F - melded +0 chain mail
rPois   +            f - melded +0 helmet
rElec   .            Q - melded +0 cloak of Tonleur {Dex+2 Stlth+}
rCorr   .            (gloves currently unavailable)
SInv    .            o - melded +1 pair of boots
Will    .....        (no amulet)
Stlth   +            k - +4 ring of protection
HPRegen 0.37/turn    u - ring of positive energy
MPRegen 0.15/turn

%: no passive effects
@: tree-form, glowing
A: stationary, stasis, torment immunity, boosted hp, reduced essence
a: Renounce Religion, Recall Ancestor, Ancestor Identity, Transference


You were on level 10 of the Dungeon.
You worshipped Hepliaklqana.
Hepliaklqana was most pleased with you.
You were a tree.
You visited 1 branch of the dungeon, and saw 10 of its levels.

You collected 528 gold pieces.

Inventory:

Hand Weapons
 a - a +0 war axe (weapon)
 b - a +1 sling
 e - a +2 dagger of venom
 q - a +1 dagger of draining
 w - a +0 hand axe of flaming
 N - the +6 flail "Saof" {vamp, Will+ Str+4 Dex+4}
   (You found it on level 8 of the Dungeon)

   Str:       It affects your strength (+4).
   Dex:       It affects your dexterity (+4).
   Will:      It increases your willpower.
Missiles
 B - 18 poisoned darts (quivered)
Armour
 f - a +0 helmet (melded)
 o - a +1 pair of boots (melded)
 p - a +0 buckler
 v - an orb of light (worn)
 y - a +1 leather armour of positive energy
 F - a +0 chain mail (melded)
 Q - the +0 cloak of Tonleur (melded) {Dex+2 Stlth+}
   (You found it on level 8 of the Dungeon)

   Dex:       It affects your dexterity (+2).
   Stlth:     It makes you more stealthy.
Jewellery
 g - a ring of fire
 k - a +4 ring of protection (left branch)
 u - a ring of positive energy (right branch)
 S - a +6 ring of dexterity
 V - a ring of wizardry
Wands
 c - a wand of flame (15)
 d - a wand of charming (8)
 r - a wand of iceblast (2)
 O - a wand of paralysis (6)
Scrolls
 h - 2 scrolls of magic mapping
 i - a scroll of torment {unknown}
 j - 2 scrolls of blinking
 l - 6 scrolls of identify
 s - 4 scrolls of teleportation
 A - 3 scrolls of enchant weapon
 C - a scroll of silence {unknown}
 D - a scroll of noise {unknown}
 E - a scroll of fear
 G - 2 scrolls of amnesia
 H - a scroll of poison {unknown}
 I - a scroll of fog
 J - a scroll of enchant armour
 K - a scroll of butterflies
 M - a scroll of vulnerability
 R - a scroll of immolation {unknown}
Potions
 m - 2 potions of attraction
 n - a potion of curing
 t - 4 potions of ambrosia
 x - a potion of flight
 z - a potion of brilliance
 L - a potion of lignification
 P - a potion of heal wounds {unknown}
 T - a potion of haste {unknown}
 U - a potion of might {unknown}
 W - a potion of magic {unknown}
 X - a potion of mutation {unknown}


   Skills:
 - Level 5.1 Fighting
 * Level 11.3 Axes
 - Level 5.0 Armour
 - Level 3.0 Dodging
 - Level 1.0 Stealth
 + Level 3.5 Shields
 - Level 1.0 Unarmed Combat
 + Level 8.2 Invocations
 - Level 3.0 Evocations


You had 10 spell levels left.
You didn't know any spells.
Your spell library contained the following spells:

 Spells                   Type           Power      Damage    Failure   Level
 Blink                    Tloc           0%         N/A       45%         2
 Lesser Beckoning         Tloc           0%         N/A       45%         2
 Momentum Strike          Conj/Tloc      0%         3d8       45%         2
 Frozen Ramparts          Ice            0%         1d1       69%         3
 Ice Form                 Ice/Tmut       0%         N/A       97%         4
 Summon Ice Beast         Ice/Summ       0%         N/A       97%         4


Dungeon Overview and Level Annotations

Branches:
Dungeon (10/15)            Temple (0/1) D:7
   Lair: D:8-11         Orc: D:9-12

Altars:
Ashenzari
Elyvilon
Fedhas
Gozag
Hepliaklqana
Kikubaaqudgha
Makhleb
Okawaru
Xom
Zin

Shops:
D:9 :

Annotations:
D:3 2 transporters
D:4 Dowan, Duvessa, Grinder
D:9 1 runed translucent door, croobank's ghost, journeyman DgFE
D:10 3 runed translucent doors


Message History

Aiming: Paralyse
Press: ? - help, Shift-Dir - straight line, f - gargoyle
Aim: a gargoyle, wielding a +0 mace (moderately damaged, ally target, haloed, chance to affect: 38%) Ankherfenedjef avoids your attack.
The gargoyle resists with some effort.
The gargoyle barely misses Ankherfenedjef.
Ankherfenedjef gestures at the gargoyle while chanting.
The puff of frost misses the gargoyle.
Aiming: Paralyse
Press: ? - help, Shift-Dir - straight line, f/p - gargoyle
Aim: a gargoyle, wielding a +0 mace (moderately damaged, ally target, haloed, chance to affect: 38%) Ankherfenedjef avoids your attack.
The gargoyle resists with some effort.
The gargoyle hurls a stone arrow at you.
The stone arrow hits Ankherfenedjef!
Ankherfenedjef is destroyed!
Aiming: Paralyse
Press: ? - help, Shift-Dir - straight line, f/p - gargoyle
Aim: a gargoyle, wielding a +0 mace (moderately damaged, haloed, chance to affect: 38%)
The gargoyle resists with some effort.
Aiming: Paralyse
Press: ? - help, Shift-Dir - straight line, f/p - gargoyle
Aim: a gargoyle, wielding a +0 mace (moderately damaged, haloed, chance to affect: 38%)
The gargoyle resists with some effort.
The gargoyle hits you with a +0 mace!
* * * LOW HITPOINT WARNING * * *
You take 10 damage, and have 15/71 hp.
You hit the gargoyle.
The gargoyle is heavily damaged.
The gargoyle hits you but does no damage.
Really quaff the potion of lignification?
You turn into a tree.
The +0 cloak of Tonleur {Dex+2 Stlth+} melds into your body.
Your +0 helmet melds into your body.
Your +1 pair of boots melds into your body.
Your +0 chain mail melds into your body.
Your roots penetrate the ground.
The gargoyle hurls a stone arrow at you.
The stone arrow hits you!
* * * LOW HITPOINT WARNING * * *
You now have 12/106 hp.
You feel better.
The gargoyle hurls a stone arrow at you.
The stone arrow hits you!
* * * LOW HITPOINT WARNING * * *
You take 3 damage, and have 9/106 hp.
Okay, then.
Unknown command.
Aiming: Charm
Press: ? - help, Shift-Dir - straight line, f/p - gargoyle
Aim: a gargoyle, wielding a +0 mace (heavily damaged, haloed, chance to affect: 38%)
The gargoyle resists with some effort.
The gargoyle hits you with a +0 mace!
You die...

#...........# ._
##'######...####
..
#......#......)
.#
##.####.#...)...
.. #..# #.......
#. #.## ########
#. #)# ##..
#.##.##....#
#.♣.......#
##.9..#.....
#...## ####
##..# #..# #..#
#..# #..# ...#


You could see a gargoyle.

Vanquished Creatures
  An unseen horror (D:10)
  A wyvern (D:9)
  Eustachio (D:5)
  2 steam dragons
  An acid dragon (D:9)
  A black bear (D:6)
  2 sky beasts
  An orc warrior (D:9)
  2 ice beasts (D:5)
  4 centaurs
  A phantom (D:5)
  3 bullfrogs
  A gnoll sergeant (D:8)
  2 scorpions (D:5)
  2 wights (D:8)
  5 killer bees (D:9)
  A howler monkey (D:4)
  3 orc priests
  2 hounds (D:5)
  An iguana (D:4)
  8 orc wizards
  3 gnolls
  6 adders
  3 dart slugs
  14 orcs
  2 ball pythons
  6 endoplasms
  6 goblins
  5 hobgoblins
  8 kobolds
  4 quokkas
  2 bats (D:1)
  2 rats (D:2)
106 creatures vanquished.

Vanquished Creatures (collateral kills)
  2 two-headed ogres (D:9)
  A wyvern (D:10)
  A wraith (D:9)
  3 yaks (D:10)
  An acid dragon (D:10)
  2 orc warriors (D:10)
  A sky beast (D:7)
  A centaur (D:8)
  2 bullfrogs
  A wight (D:8)
  4 killer bees (D:9)
  A howler monkey (D:7)
  2 hounds (D:6)
  2 orc priests
  A jelly (D:6)
  An orc wizard (D:10)
  3 gnolls
  2 adders (D:6)
  10 orcs
  A kobold (D:9)
42 creatures vanquished.

Vanquished Creatures (others)
  A sky beast (D:5)
  2 jellies
  A battlemage (D:10)
  2 ancestors (D:7)
6 creatures vanquished.

Grand Total: 154 creatures vanquished

Notes
Turn   | Place    | Note
-------+----------+-------------------------------------------
     0 | D:1      | backslashecho the Human Artificer began the quest for the
                  | Orb.
     0 | D:1      | Reached XP level 1. HP: 15/15 MP: 1/1
   156 | D:1      | Reached XP level 2. HP: 19/21 MP: 2/2
   479 | D:1      | Reached skill level 1 in Unarmed Combat
  1082 | D:2      | Reached XP level 3. HP: 27/27 MP: 3/3
  1123 | D:2      | Found a white marble altar of Elyvilon.
  1565 | D:3      | Found a transporter.
  1672 | D:3      | Found a transporter.
  1696 | D:3      | Reached XP level 4. HP: 34/34 MP: 4/4
  1808 | D:3      | Found a burning altar of Makhleb.
  1853 | D:3      | Found a shimmering altar of Xom.
  1854 | D:3      | Found a hazy altar of Hepliaklqana.
  1855 | D:3      | Noticed a spectral ugly thing
  2011 | D:3      | Became a worshipper of Hepliaklqana the Forgotten
  2052 | D:3      | Reached skill level 1 in Axes
  2103 | D:4      | Noticed a bullfrog
  2109 | D:4      | Killed a bullfrog
  2110 | D:4      | Reached skill level 2 in Axes
  2110 | D:4      | Reached XP level 5. HP: 40/40 MP: 5/5
  2163 | D:4      | Found an opulent altar of Gozag.
  2165 | D:4      | Found a broken altar of Ashenzari.
  2165 | D:4      | Found a glowing silver altar of Zin.
  2244 | D:4      | Reached XP level 6. HP: 44/47 MP: 6/6
  2266 | D:4      | Reached skill level 1 in Invocations
  2274 | D:4      | Noticed Grinder
  2455 | D:4      | Noticed Duvessa
  2455 | D:4      | Noticed Dowan
  2465 | D:4      | Reached skill level 3 in Axes
  2600 | D:5      | Entered Level 5 of the Dungeon
  2639 | D:5      | Reached XP level 7. HP: 40/52 MP: 8/8
  2739 | D:5      | Noticed a hornet
  2839 | D:5      | Reached skill level 4 in Axes
  3132 | D:5      | Noticed Eustachio
  3204 | D:5      | Killed Eustachio
  3205 | D:5      | Reached skill level 5 in Axes
  3205 | D:5      | Reached XP level 8. HP: 40/61 MP: 10/10
  3908 | D:6      | Reached * piety under Hepliaklqana
  4112 | D:6      | Reached skill level 6 in Axes
  4135 | D:6      | Reached skill level 5 in Fighting
  4499 | D:6      | Reached XP level 9. HP: 57/61 MP: 12/12
  4902 | D:7      | Reached skill level 7 in Axes
  4969 | D:7      | Reached skill level 5 in Invocations
  5060 | D:7      | Found a staircase to the Ecumenical Temple.
  5324 | D:7      | Reached ** piety under Hepliaklqana
  5346 | D:7      | Remembered your ancestor Ankherfenedjef as a battlemage
  5961 | D:8      | Reached skill level 8 in Axes
  6013 | D:8      | Identified the +6 flail "Saof" {vamp, Will+ Str+4 Dex+4}
  6584 | D:8      | Identified the +0 cloak of Tonleur {Dex+2 Stlth+}
  7291 | D:9      | Reached XP level 10. HP: 57/66 MP: 14/14
  7371 | D:9      | Reached skill level 9 in Axes
  7455 | D:9      | Noticed a two-headed ogre
  7463 | D:9      | Killed a two-headed ogre
  7464 | D:9      | Reached skill level 5 in Armour
  7524 | D:9      | Found a runed translucent door.
  7524 | D:9      | Noticed croobank's ghost (journeyman DgFE)
  7540 | D:9      | Reached skill level 10 in Axes
  7541 | D:9      | Found an ancient bone altar of Kikubaaqudgha.
  7651 | D:9      | Reached skill level 1 in Shields
  7739 | D:9      | Noticed a two-headed ogre
  7745 | D:9      | Killed a two-headed ogre
  7981 | D:9      | Found Yhefihiq's Book Shoppe.
  8492 | D:10     | Entered Level 10 of the Dungeon
  8504 | D:10     | Reached *** piety under Hepliaklqana
  8723 | D:10     | Found a blossoming altar of Fedhas.
  8737 | D:10     | Found a runed translucent gate.
  8737 | D:10     | Found a runed translucent gate.
  8738 | D:10     | Found a runed translucent gate.
  8744 | D:10     | Identified the +7 plate armour "Sompelit" {Fly Regen+}
  8842 | D:10     | Reached skill level 11 in Axes
  8842 | D:10     | Reached XP level 11. HP: 25/71 MP: 15/17
  9203 | D:10     | Found an iron altar of Okawaru.
  9211 | D:10     | Slain by a gargoyle

Illustrated notes

Levels and vault maps discovered:
D:1:      nicolae_arrival_somewhat_less_tricky_arrival, layout_loops_ring
D:2:      layout_basic, basic_altar, roderic_roman_lattice
D:3:      gammafunk_steamed_eel, layout_rooms, regret_index_temple_of_mockery,
          overflow_temple_1_default
D:4:      cheibrodos_quashed, layout_loops_ring, grunt_temple_overflow_open,
          minivault_14, minivault_14, uniq_duvessa, uniq_grinder
D:5:      layout_basic, uniq_eustachio
D:6:      layout_basic
D:7:      wad_pebble_path, layout_basic, minmay_temple_entry_mini_moons
D:8:      layout_basic
D:9:      layout_gridville, mainiacjoe_overflow_paths, serial_shops,
          nicolae_shop_trees, gammafunk_ghost_grave, minmay_misc_feat_alley
D:10:     kennysheep_blocky_hall, layout_rooms,
          mainiacjoe_overflow_tiny_flanked, mainiacjoe_overflow_catch_the_wave,
          david_lair_shrubbed, biasface_ghost_orc_armoury

Skill      XL: |  1  2  3  4  5  6  7  8  9 10 |
---------------+-------------------------------+-----
Unarmed Combat | 1 |  1.0
Fighting       | 2 3 4 5 |  5.1
Dodging        | 2 3 |  3.0
Axes           | 2 3 5 6 8 11 | 11.3
Invocations    | 1 3 4 6 8 |  8.2
Armour         | 4 5 |  5.0
Shields        | 3 |  3.5
Stealth        | |  1.0
Evocations     | |  3.0

Action                     |  1- 3 |  4- 6 |  7- 9 | 10-12 || total
---------------------------+-------+-------+-------+-------++-------
  Melee: Dagger            |    41 |    52 |    17 |       ||   110
         War axe           |       |       |   220 |    85 ||   305
   Fire: Sling             |    53 |    27 |       |       ||    80
  Throw: Dart              |       |       |     3 |    10 ||    13
 Invoke: Ancestor Life: Ba |       |       |     1 |       ||     1
  Evoke: Wand              |       |     2 |     6 |     7 ||    15
    Use: Scroll            |     3 |       |    12 |       ||    15
         Potion            |     2 |       |       |     4 ||     6
   Stab: Sleeping          |     1 |       |       |       ||     1
         Distracted        |       |       |     1 |     1 ||     2
         Paralysed         |       |       |       |     2 ||     2
 Armour: Leather armour    |    22 |    28 |    22 |       ||    72
         Ring mail         |       |       |    39 |       ||    39
         Chain mail        |       |       |    92 |    53 ||   145
  Dodge: Dodged            |    34 |    42 |   128 |    29 ||   233
